 Dungeon Crawl Stone Soup version 0.26.1-11-gd32895ea62 (webtiles) character file.

Game seed: 15392671841510810866

15290 IcyTea the Carver (level 11, -2/97 HPs)
             Began as a Pale Draconian Warper on Apr 15, 2021.
             Was the Champion of Okawaru.
             Slain by a six-headed hydra (5 damage)
             ... on level 1 of the Lair of Beasts on Apr 16, 2021.
             The game lasted 01:20:59 (17209 turns).

IcyTea the Carver (Pale Draconian Warper)          Turns: 17209, Time: 01:20:59

Health: -2/97      AC: 12    Str: 15    XL:     11   Next: 99%
Magic:  15/17      EV: 12    Int: 15    God:    Okawaru [******]
Gold:   1407       SH:  0    Dex: 11    Spells: 5/18 levels left

rFire    + + +     SeeInvis +   a - +3 long sword (elec)
rCold    . . .     Faith    .   (no shield)
rNeg     . . .     Spirit   .   (armour unavailable)
rPois    .         Reflect  .   (helmet restricted)
rElec    +         Harm     .   G - +2 cloak {rCorr}
rCorr    +         Rampage  .   (no gloves)
Will     .....                  R - +1 pair of boots of Pehuoje {rF+ Dex-2 Stlth+}
Stlth    ++........             (no amulet)
HPRegen  0.66/turn              o - ring of see invisible
MPRegen  0.15/turn              O - ring of protection from fire

@: no status effects
A: breathe steam, unfitting armour, hooves 1, stinger 1, agile 1, blink, fire
resistance 1, regeneration 1, electricity resistance, cold-blooded, AC +7
a: Breathe Steam, Blink, Renounce Religion, Heroism, Finesse


You were on level 1 of the Lair of Beasts.
You worshipped Okawaru.
Okawaru was exalted by your worship.
You visited 3 branches of the dungeon, and saw 13 of its levels.
You also visited: Sewer and Ossuary.

You collected 2132 gold pieces.
You spent 725 gold pieces at shops.

Inventory:

Hand Weapons
 a - a +3 long sword of electrocution (weapon)
 b - a +2 dagger of chaos
 p - a +2 falchion
 v - a +3 great sword
 z - a +1 short sword of venom
 I - the +2 long sword of Due Proportion {freeze, rF+ Str-2 Stlth+}
   (You found it on level 8 of the Dungeon)

   It has been specially enchanted to freeze those struck by it, causing extra
   injury to most foes and up to half again as much damage against particularly
   susceptible opponents.
   It can also slow down cold-blooded creatures.
   It affects your strength (-2).
   It protects you from fire.
   It makes you more stealthy.
Missiles
 d - 2 boomerangs of dispersal
 f - 7 atropa-tipped darts
 j - 29 poisoned darts (quivered)
 k - 2 throwing nets
Armour
 G - a +2 cloak of preservation (worn)
 R - the +1 pair of boots of Pehuoje (worn) {rF+ Dex-2 Stlth+}
   (Okawaru gifted it to you on level 11 of the Dungeon)

   It affects your dexterity (-2).
   It protects you from fire.
   It makes you more stealthy.
Jewellery
 o - a ring of see invisible (left hand)
 B - an uncursed ring of ice
 J - an uncursed ring of fire
 O - a ring of protection from fire (right hand)
Wands
 x - a wand of flame (25)
 y - a wand of enslavement (13)
 D - a wand of paralysis (14)
 F - a wand of iceblast (5)
 H - a wand of polymorph (2)
 K - a wand of disintegration (19)
 M - a wand of random effects (11)
Scrolls
 c - 3 scrolls of blinking
 i - 2 scrolls of torment
 l - 5 scrolls of teleportation
 m - 8 scrolls of remove curse
 n - 4 scrolls of amnesia
 q - 5 scrolls of fear
 E - 5 scrolls of enchant armour
 N - 2 scrolls of fog
 Q - 2 scrolls of immolation
Potions
 e - 8 potions of curing
 g - 5 potions of ambrosia
 h - a potion of brilliance
 r - 3 potions of flight
 s - a potion of lignification
 t - 4 potions of might
 w - a potion of invisibility
 A - a potion of attraction
 C - 2 potions of cancellation
 L - a potion of berserk rage
 P - a potion of magic


   Skills:
 - Level 9.0 Fighting
 + Level 13.8 Long Blades
 - Level 1.1 Throwing
 - Level 2.1 Dodging
 - Level 4.1 Spellcasting
 - Level 3.2 Conjurations
 - Level 5.1 Translocations
 - Level 4.3 Air Magic
 - Level 2.0 Poison Magic
 - Level 7.5 Invocations
 - Level 2.0 Evocations


You had 5 spell levels left.
You knew the following spells:

 Your Spells              Type           Power        Failure   Level
a - Blink                 Tloc           N/A          3%          2
b - Gell's Gravitas       Tloc           9%           6%          3
c - Teleport Other        Tloc           18%          6%          3
d - Mephitic Cloud        Conj/Pois/Air  12%          14%         3
e - Swiftness             Air            16%          4%          2

Your spell library contained the following spells:

 Spells                   Type           Power        Failure   Level
 Shock                    Conj/Air       56%          3%          1
 Magic Dart               Conj           52%          4%          1
 Lesser Beckoning         Tloc           9%           6%          3
 Poisonous Vapours        Pois/Air       24%          8%          2
 Static Discharge         Conj/Air       14%          11%         3
 Sting                    Tmut/Pois      24%          12%         1
 Passage of Golubria      Tloc           N/A          22%         4
 Call Imp                 Summ           3%           26%         2
 Slow                     Hex            3%           26%         2
 Conjure Flame            Conj/Fire      8%           26%         3
 Airstrike                Air            8%           30%         4
 Ignite Poison            Fire/Tmut/Pois 5%           38%         3
 Olgreb's Toxic Radiance  Pois           9%           61%         4
 Lightning Bolt           Conj/Air       7%           71%         5


Dungeon Overview and Level Annotations

Branches:
Dungeon (11/15)            Temple (1/1) D:4            Lair (1/6) D:8
    Orc (0/2) D:9           Sewer (visited)         Ossuary (visited)

Altars:
Ashenzari
Cheibriados
Dithmenos
Elyvilon
Fedhas
Gozag
Hepliaklqana
Kikubaaqudgha
Makhleb
Nemelex Xobeh
Okawaru
Qazlal
Ru
Sif Muna
Trog
Uskayaw
Vehumet
Wu Jian
Xom
Yredelemnul
Zin
The Shining One

Shops:
D:4 :   D:6 ?   D:9 *

Annotations:
D:6 Prince Ribbit
D:11 1 runed translucent door, Quickbrownfox's ghost, journeyman MiMo


Innate Abilities, Weirdness & Mutations

You can breathe blasts of scalding, opaque steam.
Your pale cyan-grey scales are hard. (AC +7)
You cannot fit into any form of body armour.
You are cold-blooded and may be slowed by cold attacks.
You have large cloven feet.
Your tail ends in a poisonous barb.
You are agile. (Dex +2)
You can translocate small distances at will.
Your flesh is heat resistant. (rF+)
Your natural rate of healing is unusually fast.
You are resistant to electric shocks. (rElec)


Message History

The six-headed hydra bites you.
* * * LOW HITPOINT WARNING * * *
The six-headed hydra bites you but does no damage. x2
The six-headed hydra bites you.
* * * LOW HITPOINT WARNING * * *
The six-headed hydra bites you!
* * * LOW HITPOINT WARNING * * *
The six-headed hydra is engulfed in a cloud of scalding steam.
You have got your breath back.
The six-headed hydra bites you!
* * * LOW HITPOINT WARNING * * *
The six-headed hydra bites you but does no damage.
The six-headed hydra misses you.
The six-headed hydra bites you but does no damage.
The six-headed hydra barely misses you. The six-headed hydra bites you.
* * * LOW HITPOINT WARNING * * *
Casting: Gell's Gravitas (mildly dangerous; 6% risk of failure)
Confirm with . or Enter, or press ? or * to list all spells.
You blink.
The six-headed hydra bites you.
You die...

####...####...§..............#
#§
##..P###..#.###............##
#§ ##...###P...##
#..........§.## #. .##..#
##..## ##.............###.
.....# #...#
#..................
.....###...##
##.................
#.#...##....#
#..§...........###.
###..####..####.D...........##
#. #..####....##.@...........#
##.
#.........................#
#P.
#.........................#
##.
#..#########...##.........# #.
#..# #..###.........# ##. #..#
#...##P........# #.. #..##
#..####........# ##. #...#
#.).# #........# #. #####
##### ####.##### ##


You could see a six-headed hydra.

Vanquished Creatures
  2 two-headed ogres
  A deep elf mage (D:11)
  A black mamba (Lair:1)
  Joseph (D:9)
  Psyche (D:8)
  A rime drake (Lair:1)
  A hornet (D:11)
  A queen bee (Lair:1)
  3 trolls
  5 blink frogs (Lair:1)
  A slime creature (D:7)
  A shadow (D:11)
  2 wyverns
  A wraith (D:10)
  9 yaks
  Grum (D:8)
  Menkaure (D:5)
  A soldier ant (D:11)
  7 water moccasins
  4 ice beasts
  4 orc warriors
  2 phantoms
  4 black bears
  5 sky beasts
  3 ogres
  2 eyes of draining (D:11)
  5 centaurs
  2 wolves (D:7)
  2 big kobolds
  An elf zombie (Ossuary)
  7 bullfrogs
  A water moccasin zombie (D:9)
  3 scorpions
  32 killer bees
  2 vampire bats (D:8)
  11 wights
  4 howler monkeys
  2 bullfrog zombies
  2 jellies
  2 centaur zombies
  6 hounds
  6 orc priests
  5 orc wizards
  A human zombie (Ossuary)
  A centaur skeleton (D:10)
  A gnoll shaman (D:7)
  2 bullfrog skeletons
  An iguana (D:8)
  7 worker ants
  A killer bee zombie (D:7)
  2 big kobold zombies (Ossuary)
  4 hound skeletons
  2 mummies (Ossuary)
  A worker ant zombie (D:10)
  4 gnolls
  A howler monkey skeleton (D:10)
  16 adders
  6 river rats (Sewer)
  A shadow imp (D:8)
  6 white imps
  3 ufetubi
  An ooze (Sewer)
  2 adder zombies
  2 adder skeletons (D:4)
  5 worms
  2 dart slugs (D:1)
  A leopard gecko (D:11)
  26 orcs
  6 bats
  4 bat skeletons (D:8)
  A bat zombie (D:8)
  6 giant cockroaches
  5 goblins
  6 hobgoblins
  19 jackals
  4 ball pythons
  3 frilled lizards
  3 goblin zombies (Ossuary)
  9 hobgoblin zombies (Ossuary)
  A jackal zombie (D:6)
  24 kobolds
  9 kobold zombies (Ossuary)
  9 orc zombies (Ossuary)
  A quokka skeleton (D:8)
  24 rats
391 creatures vanquished.

Vanquished Creatures (others)
  54 fungi
  53 plants
107 creatures vanquished.

Grand Total: 498 creatures vanquished

Notes
Turn   | Place    | Note
-------+----------+-------------------------------------------
     0 | D:1      | IcyTea the Draconian Warper began the quest for the Orb.
     0 | D:1      | Reached XP level 1. HP: 17/17 MP: 3/3
   411 | D:1      | Reached XP level 2. HP: 24/24 MP: 5/5
   414 | D:1      | Learned a level 2 spell: Blink
   541 | D:1      | Reached skill level 3 in Long Blades
  1260 | D:2      | Reached XP level 3. HP: 29/29 MP: 6/6
  1325 | D:2      | Found a radiant altar of Vehumet.
  1743 | D:3      | Learned a level 3 spell: Gell's Gravitas
  2024 | D:3      | Found a glowing drain.
  2062 | D:3      | Reached skill level 4 in Long Blades
  2180 | Sewer    | Entered a sewer
  2316 | Sewer    | Reached XP level 4. HP: 14/36 MP: 7/7
  2926 | Sewer    | Reached skill level 5 in Long Blades
  3195 | Sewer    | Reached XP level 5. HP: 30/41 MP: 8/8
  3282 | Sewer    | Learned a level 3 spell: Teleport Other
  3413 | Sewer    | Reached skill level 6 in Long Blades
  3791 | D:3      | Found a glowing golden altar of the Shining One.
  4015 | D:3      | Reached XP level 6. HP: 46/48 MP: 9/9
  4357 | D:4      | Found a staircase to the Ecumenical Temple.
  4428 | Temple   | Entered the Ecumenical Temple
  4694 | Temple   | Became a worshipper of Warmaster Okawaru
  4896 | D:4      | Found Zorolyla's Book Shop.
  4927 | D:4      | Bought a book of Minor Magic for 200 gold pieces
  4949 | D:4      | Found a shadowy altar of Dithmenos.
  4961 | D:4      | Reached skill level 7 in Long Blades
  5487 | D:4      | Your scales start taking on a pale cyan-grey colour.
  5487 | D:4      | Reached XP level 7. HP: 55/55 MP: 10/10
  5684 | D:5      | Entered Level 5 of the Dungeon
  6192 | D:5      | Reached skill level 8 in Long Blades
  7009 | D:5      | Reached * piety under Okawaru
  7320 | D:6      | Noticed Menkaure
  7327 | D:5      | Killed Menkaure
  7328 | D:5      | Reached skill level 9 in Long Blades
  7338 | D:6      | Reached XP level 8. HP: 38/61 MP: 9/11
  7345 | D:6      | Found a sand-covered staircase.
  7350 | Ossuary  | Entered an ossuary
  7471 | Ossuary  | Learned a level 3 spell: Mephitic Cloud
  7578 | Ossuary  | Reached skill level 1 in Air Magic
  7595 | Ossuary  | Reached ** piety under Okawaru
  8224 | D:6      | Found Syutimn's Magic Scroll Boutique.
  8315 | D:6      | Reached skill level 10 in Long Blades
  8671 | D:6      | Noticed Prince Ribbit
  8922 | D:6      | Reached skill level 1 in Poison Magic
  9255 | D:7      | Found an ancient bone altar of Kikubaaqudgha.
  9270 | D:7      | Reached skill level 1 in Conjurations
  9456 | D:7      | Noticed a troll
  9456 | D:7      | Noticed a two-headed ogre
  9712 | D:7      | Reached *** piety under Okawaru
 10092 | D:7      | Reached XP level 9. HP: 43/72 MP: 14/14
 10321 | D:7      | Found a stormy altar of Qazlal.
 10344 | D:7      | Killed a two-headed ogre
 10344 | D:7      | Reached **** piety under Okawaru
 10547 | D:7      | Killed a troll
 10759 | D:7      | Identified a scroll of acquirement
 10762 | D:7      | Acquired 1290 gold pieces
 11161 | D:8      | Found a staircase to the Lair.
 11162 | D:8      | Noticed Grum
 11200 | D:7      | Reached skill level 11 in Long Blades
 11669 | D:8      | Reached skill level 1 in Invocations
 11821 | D:8      | Found an ancient bone altar of Kikubaaqudgha.
 12010 | D:8      | Reached XP level 10. HP: 85/86 MP: 15/15
 12046 | D:8      | Killed Grum
 12085 | D:8      | Reached ***** piety under Okawaru
 12388 | D:8      | Got an ichor-stained long sword
 12389 | D:8      | Identified the +2 long sword of Due Proportion {freeze, rF+
                  | Str-2 Stlth+} (You found it on level 8 of the Dungeon)
 12519 | D:8      | Gained mutation: Your spells are a little easier to cast,
                  | but a little less powerful. [potion of mutation]
 12519 | D:8      | Gained mutation: Your flesh is heat resistant. (rF+)
                  | [potion of mutation]
 12519 | D:8      | Gained mutation: You can translocate small distances at
                  | will. [potion of mutation]
 12520 | D:8      | Lost mutation: Your spells are a little easier to cast, but
                  | a little less powerful. [potion of mutation]
 12520 | D:8      | Gained mutation: Your body sometimes deteriorates upon
                  | taking damage. [potion of mutation]
 12520 | D:8      | Gained mutation: Your system is resistant to poisons.
                  | (rPois) [potion of mutation]
 12578 | D:8      | Noticed Psyche
 12590 | D:8      | Killed Psyche
 12886 | D:8      | Lost mutation: Your system is resistant to poisons. (rPois)
                  | [potion of mutation]
 12886 | D:8      | Lost mutation: Your body sometimes deteriorates upon taking
                  | damage. [potion of mutation]
 12886 | D:8      | Gained mutation: Your natural rate of healing is unusually
                  | fast. [potion of mutation]
 12886 | D:8      | Gained mutation: Your mind is acute. (Int +2) [potion of
                  | mutation]
 12886 | D:8      | Gained mutation: You tend to lose your temper in combat.
                  | [potion of mutation]
 12886 | D:8      | Gained mutation: You are resistant to electric shocks.
                  | (rElec) [potion of mutation]
 12970 | D:9      | Reached skill level 5 in Translocations
 13055 | D:9      | Found Yniuhoedeq's General Store.
 13068 | D:9      | Bought a book of Air for 525 gold pieces
 13088 | D:9      | Learned a level 2 spell: Swiftness
 13108 | D:9      | Noticed Joseph
 13131 | D:9      | Killed Joseph
 13132 | D:9      | Reached skill level 12 in Long Blades
 13134 | D:9      | Reached skill level 1 in Throwing
 13244 | D:9      | Found a staircase to the Orcish Mines.
 13275 | D:9      | Found a shimmering blue altar of Sif Muna.
 13370 | D:9      | HP: 3/86 [orc warrior/+0 glaive (16)]
 13622 | D:10     | Entered Level 10 of the Dungeon
 13845 | D:10     | Received a gift from Okawaru
 13867 | D:10     | Reached XP level 11. HP: 95/95 MP: 17/17
 13949 | D:10     | Reached skill level 1 in Evocations
 14185 | D:10     | Got a scorched quarterstaff
 14186 | D:10     | Identified the cursed +1 quarterstaff of Collusion
                  | {antimagic, Str+2} (You found it on level 10 of the
                  | Dungeon)
 14666 | D:10     | Noticed a two-headed ogre
 14691 | D:10     | Killed a two-headed ogre
 14942 | D:11     | Found a runed translucent door.
 14945 | D:11     | Noticed Quickbrownfox's ghost (journeyman MiMo)
 14948 | D:11     | Noticed a spriggan rider
 14948 | D:11     | Identified the +3 trident of Inoloobu {drain, +Blink rN++
                  | MP+9 Str-3}
 15158 | D:11     | Reached skill level 13 in Long Blades
 15339 | D:11     | Noticed a deep elf mage
 15351 | D:11     | Killed a deep elf mage
 15351 | D:11     | Reached ****** piety under Okawaru
 15674 | D:11     | Received a gift from Okawaru
 15675 | D:11     | Got a pair of pitted boots {god gift}
 15681 | D:11     | Identified the +1 pair of boots of Pehuoje {rF+ Dex-2
                  | Stlth+} (Okawaru gifted it to you on level 11 of the
                  | Dungeon)
 15727 | D:11     | Lost mutation: You tend to lose your temper in combat.
                  | [potion of mutation]
 15727 | D:11     | Lost mutation: Your mind is acute. (Int +2) [potion of
                  | mutation]
 15727 | D:11     | Gained mutation: You have large cloven feet. [potion of
                  | mutation]
 15727 | D:11     | Gained mutation: Your tail ends in a poisonous barb.
                  | [potion of mutation]
 15727 | D:11     | Gained mutation: You are agile. (Dex +2) [potion of
                  | mutation]
 15892 | Lair:1   | Entered Level 1 of the Lair of Beasts
 15960 | Lair:1   | Reached skill level 5 in Invocations
 16690 | Lair:1   | Noticed a five-headed hydra
 17208 | Lair:1   | HP: 3/97 [six-headed hydra (12)]
 17209 | Lair:1   | Slain by a six-headed hydra

Illustrated notes

Levels and vault maps discovered:
D:1:      minmay_arrival_diagonal_passages, layout_basic
D:2:      layout_loops_ring, vehumet_crystals
D:3:      layout_loops_ring, tso_altar, cheibrodos_sewer_entry_bend
D:4:      layout_basic, minmay_temple_entry_crystal_x, serial_shops, shop,
          grunt_dithmenos_shadows
D:5:      layout_loops_corners, serial_aquarium, aquarium_bridge_square
          [aquarium_subvault_bridge, aquarium_subvault_wall,
          aquarium_subvault_bridge, aquarium_subvault_wall],
          aquarium_bridge_straight [aquarium_subvault_bridge,
          aquarium_subvault_wall, aquarium_subvault_bridge,
          aquarium_subvault_balcony], aquarium_window_1, aquarium_window_1,
          aquarium_view_2a, aquarium_balcony_3b, aquarium_pool_2, minivault_24,
          serial_park_tiny_2
D:6:      layout_cave_pods, serial_shops,
          nicolae_shop_competitors_out_of_business, enter_ossuary_5,
          minmay_circle_x, uniq_prince_ribbit1, uniq_menkaure
D:7:      minmay_blocky_corners, layout_basic, lemuel_round_altar,
          lemuel_statue_altar
D:8:      layout_loops_ring, kennysheep_vampire_church,
          due_lair_maze_entry_diamond, grunt_ministairs_8, uniq_psyche,
          uniq_grum
D:9:      layout_cave_pools, lemuel_round_altar, orc_0_dummy, serial_shops,
          shop, uniq_joseph
D:10:     layout_cave_pods
D:11:     layout_irregular_city, ebering_ghost_funeral_grove,
          minmay_starry_boxes
Temple:   eino_temple_rhombus
Lair:1:   layout_small_grid, special_room [special_room_bee],
          chequers_serial_rivers_micro_a, infiniplex_staircase_pool,
          grunt_megastairs_5

Skill      XL: |  1  2  3  4  5  6  7  8  9 10 11 |
---------------+----------------------------------+-----
Long Blades    | 3 4 5 6 7 9 10 11 12 13 | 13.8
Air Magic      | 3 4 |  4.3
Spellcasting   | 3 4 |  4.1
Fighting       | 4 7 8 9 |  9.0
Poison Magic   | 2 |  2.0
Conjurations   | 1 3 |  3.2
Invocations    | 2 4 7 |  7.5
Translocations | 5 |  5.1
Throwing       | 1 |  1.1
Evocations     | 2 |  2.0
Dodging        | |  2.1

Action                   |  1- 3 |  4- 6 |  7- 9 | 10-12 || total
-------------------------+-------+-------+-------+-------++-------
Melee: Falchion          |   142 |   157 |       |       ||   299
       Tailslap          |    18 |    34 |    23 |    39 ||   114
       Great sword       |       |    80 |   244 |       ||   324
       Long sword        |       |       |    10 |   419 ||   429
Throw: Boomerang         |     1 |       |     2 |       ||     3
       Throwing net      |     1 |       |       |       ||     1
       Dart              |       |       |    39 |    41 ||    80
 Cast: Gell's Gravitas   |       |     2 |       |     2 ||     4
       Blink             |       |       |     4 |     5 ||     9
       Swiftness         |       |       |       |     1 ||     1
Invok: Heroism           |       |       |     1 |       ||     1
 Abil: Breathe Steam     |       |       |    14 |    28 ||    42
  Use: Scroll            |     6 |     6 |     5 |    13 ||    30
       Potion            |     2 |     4 |     5 |    10 ||    21
 Stab: Sleeping          |     1 |       |     2 |     1 ||     4
       Invisible         |     6 |       |       |       ||     6
       Distracted        |       |       |     1 |       ||     1
Armor: Skin              |    33 |    71 |   106 |   143 ||   353
Dodge: Dodged            |    76 |   193 |   212 |   275 ||   756
       Rpst.: Falchion   |    19 |    41 |       |       ||    60
       Great sword       |       |    21 |    51 |       ||    72
       Long sword        |       |       |     7 |    83 ||    90
